 Dungeon Crawl Stone Soup version 0.29.1-1-gd02db6906a (webtiles) character file.

Game seed: 6386249755151067514

32 tardwrangler69 the Digger (level 3, 24/24 HPs)
             Began as a Demonspawn Earth Elementalist on Oct 21, 2022.
             Quit the game on level 2 of the Dungeon.
             The game lasted 00:00:40 (1020 turns).

tardwrangler69 the Digger (DsEE)                    Turns: 1020, Time: 00:00:41

Health: 24/24      AC:  2    Str:  8    XL:     3   Next: 10%
Magic:  6/7        EV: 12    Int: 18    God:
Gold:   96         SH:  0    Dex: 13    Spells: 6/7 levels left

rFire   . . .      SeeInvis .   (no weapon)
rCold   . . .      Faith    .   (no shield)
rNeg    . . .      Spirit   .   a - +0 robe
rPois   .          Reflect  .   (helmet restricted)
rElec   .          Harm     .   (no cloak)
rCorr   .          Rampage  .   (no gloves)
Will    .....                   (no boots)
Stlth   ++........              (no amulet)
HPRegen 0.08/turn               (no ring)
MPRegen 0.10/turn               (no ring)

@: no status effects
A: horns 1, spiny 1
a: no special abilities


You were on level 2 of the Dungeon.
You visited 1 branch of the dungeon, and saw 2 of its levels.

You collected 96 gold pieces.

Inventory:

Armour
 a - a +0 robe (worn)
Jewellery
 h - an amulet of faith
Scrolls
 d - a scroll of enchant armour {unknown}
 e - a scroll of teleportation {unknown}
 g - a scroll of identify {unknown}
Potions
 b - a potion of magic
 c - a potion of brilliance {unknown}
 f - 2 potions of might {unknown}


   Skills:
 - Level 1.7 Dodging
 - Level 1.7 Stealth
 + Level 2.7 Spellcasting
 - Level 0.8 Transmutations
 + Level 3.3 Earth Magic


You had 6 spell levels left.
You knew the following spells:

 Your Spells              Type           Power      Damage    Failure   Level
a - Sandblast             Erth           28%        2d8       4%          1

Your spell library contained the following spells:

 Spells                   Type           Power      Damage    Failure   Level
 Passwall                 Tmut/Erth      8%         N/A       11%         2
 Stone Arrow              Conj/Erth      16%        3d8       26%         3
 Petrify                  Tmut/Erth      10%        N/A       56%         4


Dungeon Overview and Level Annotations

Branches:
Dungeon (2/15)

Altars:

Annotations:
D:2 Robin


Innate Abilities, Weirdness & Mutations

You have a pair of small horns on your head.
You are partially covered in sharp spines.


Message History

Press: ? - help, Shift-Dir - straight line, f/p - dart slug
Aim: a dart slug (100% to hit)
The blast of sand hits the dart slug.
The dart slug is heavily wounded.
The dart slug launches a dart at you. The slug dart hits you.
Casting: Sandblast (safe; 4% risk of failure)
Confirm with . or Enter, or press ? or * to list all spells.
Aiming: Sandblast (safe; 4% risk of failure)
Press: ? - help, Shift-Dir - straight line, f/p - dart slug
Aim: a dart slug (heavily wounded, 100% to hit)
The blast of sand hits the dart slug!
You kill the dart slug!
HP restored.
You now have 85 gold pieces (gained 12).
Items here: ( ) [ †.
You now have 96 gold pieces (gained 11).
g - a scroll labelled TAMUHO SEQOT;
h - an amulet of faith A hobgoblin comes into view.
A hobgoblin is nearby!
A hobgoblin is nearby!
A goblin comes into view. It is wielding a +0 club.
The hobgoblin shouts!
The goblin shouts!
You hear a shout! x3
Robin of the Strong Arm comes into view.
They are wielding a +0 mace and wearing the +1 helmet of Ru's Indignation {rPois rF- rN+++ Dex-3}.
A goblin comes into view. It is wielding a +0 dagger.
A goblin comes into view. It is wielding a +0 club.
You hear a shout!
Casting: Sandblast (safe; 4% risk of failure)
Confirm with . or Enter, or press ? or * to list all spells.
Aiming: Sandblast (safe; 4% risk of failure)
Press: ? - help, Shift-Dir - straight line, f - hobgoblin
Aim: a hobgoblin (82% to hit)
The blast of sand hits the hobgoblin.
The hobgoblin is heavily wounded.
Robin roars a battlecry!
The goblins go into a battle-frenzy!
A goblin comes into view. It is wielding a +0 dagger.
The goblin shouts!
Unknown command.
Are you sure you want to abandon this character and quit the game? (Confirm with "yes".)

#. ####.
....#############
...........>.....
#....#.....#
#....#.....#
#..........##
#...@#......#
#?...#......## ##
#...g######..# #.
.$...## ##.#####
#. ####.g
#.....###. .g.
#####..#.. ..g.
##.#.. ....g
##....
#######...##


You could see Robin, a hobgoblin (strong) and 3 goblins.

Vanquished Creatures
  An adder (D:2)
  2 dart slugs
  An orc (D:2)
  2 ball pythons (D:1)
  2 bats
  An endoplasm (D:1)
  4 hobgoblins (D:1)
  A kobold (D:1)
  A quokka (D:1)
  A frilled lizard (D:1)
  A rat (D:2)
17 creatures vanquished.

Notes
Turn   | Place    | Note
-------+----------+-------------------------------------------
     0 | D:1      | tardwrangler69 the Demonspawn Earth Elementalist began the
                  | quest for the Orb.
     0 | D:1      | Reached XP level 1. HP: 13/13 MP: 3/3
   146 | D:1      | Reached skill level 3 in Earth Magic
   146 | D:1      | Gained mutation: You are partially covered in sharp spines.
                  | [demonic ancestry]
   146 | D:1      | Reached XP level 2. HP: 8/19 MP: 0/5
   938 | D:2      | Gained mutation: You have a pair of small horns on your
                  | head. [demonic ancestry]
   938 | D:2      | Reached XP level 3. HP: 24/24 MP: 5/7
  1018 | D:2      | Identified the +1 helmet of Ru's Indignation {rPois rF-
                  | rN+++ Dex-3}
  1018 | D:2      | Noticed Robin
  1020 | D:2      | Quit the game

Illustrated notes

Levels and vault maps discovered:
D:1:      heliophobic_arrival_glass_houses, layout_basic
D:2:      layout_rooms, ebering_ecumenical_altar_mist, uniq_robin, uniq_terence,
          uniq_crazy_yiuf_cottage

Skill      XL: |  1 |
---------------+----+-----
Earth Magic    | 3 |  3.3
Dodging        | |  1.7
Stealth        | |  1.7
Spellcasting   | |  2.7
Transmutations | |  0.8

Action                   || total
-------------------------++-------
Melee: Unarmed           ||     7
 Cast: Sandblast         ||    27
Dodge: Dodged            ||     7
